 Dungeon Crawl Stone Soup version 0.19.5 (webtiles) character file.

49 doot the Stinger (level 3, -1/21 HPs)
             Began as an Octopode Venom Mage on May 7, 2017.
             Slain by a gnoll
             ... wielding a +0 halberd of protection
              (7 damage)
             ... on level 2 of the Dungeon.
             The game lasted 00:04:47 (1211 turns).

doot the Stinger (Octopode Venom Mage)              Turns: 1211, Time: 00:04:48

Health: -1/21      AC:  1    Str:  7    XL:     3   Next: 75%
Magic:  0/6        EV: 12    Int: 18    God:
Gold:   104        SH:  5    Dex: 12    Spells: 1 memorised, 5 levels left

rFire  . . .     SeeInvis .     j - +1 dagger (venom)
rCold  . . .     Gourm    .     e - +2 buckler
rNeg   . . .     Faith    .     (helmet restricted)
rPois  .         Spirit   .     (no amulet)
rElec  .         Reflect  .     d - ring of stealth
rCorr  .         Harm     .     (no ring)
MR     .....                    (no ring)
Stlth  ++++......               (no ring)
                                (no ring)
                                (no ring)
                                (no ring)
                                (no ring)

@: no status effects
A: almost no armour, stealthy swim, amphibious, 8 rings, constrict 8, camouflage
1, gelatinous body 1
a: no special abilities


You were on level 2 of the Dungeon.
You were not hungry.

You visited 1 branch of the dungeon, and saw 2 of its levels.

You collected 104 gold pieces.

Inventory:

Hand Weapons
 g - a +0 whip
 h - a +0 dagger of holy wrath
 j - a +1 dagger of venom (weapon)
Armour
 e - a +2 buckler (worn)
 o - a +0 pair of gloves
Jewellery
 d - a ring of stealth (left tentacle)
Scrolls
 i - 2 scrolls of identify {unknown}
 k - 2 scrolls of blinking {unknown}
 l - 2 scrolls of amnesia {unknown}
Potions
 c - a potion of flight {unknown}
 n - 2 potions of heal wounds {unknown}
Books
 a - a Young Poisoner's Handbook

   Spells                             Type                      Level
   a - Sting                          Conjuration/Poison           1
   b - Mephitic Cloud                 Conjuration/Poison/Air       3
   c - Olgreb's Toxic Radiance        Poison                       4
   d - Alistair's Intoxication        Transmutation/Poison         5
   e - Venom Bolt                     Conjuration/Poison           5
Comestibles
 b - a bread ration
 f - a chunk of flesh
 m - 3 fruits


   Skills:
 + Level 0.2 Short Blades
 + Level 2.1 Dodging
 + Level 2.6 Stealth
 + Level 2.3 Spellcasting
 * Level 6.0 Poison Magic


You had 5 spell levels left.
You knew the following spells:

 Your Spells              Type           Power        Failure   Level  Hunger
a - Sting                 Conj/Pois      ##..         10%         1    #......


Dungeon Overview and Level Annotations

Branches:
Dungeon (2/15)

Altars:


Innate Abilities, Weirdness & Mutations

You cannot wear most types of armour.
You are very stealthy in the water. (Stealth+)
You are amphibious.
You can wear up to eight rings at the same time.
You can use your tentacles to constrict eight enemies at once.
Your skin changes colour to match your surroundings (Stealth+).
Your rubbery body absorbs attacks. (AC +1, EV +1)


Message History

The sting hits the gnoll.
The gnoll is moderately wounded.
The gnoll closely misses you.
Casting: Sting
Confirm with . or Enter, or press ? or * to list all spells.
Aiming: Sting
Press: ? - help, Shift-Dir - straight line, f/p - gnoll
Aim: a gnoll, wielding a halberd of protection (moderately wounded)
The sting hits the gnoll.
The gnoll appears unharmed.
The gnoll is moderately wounded.
You block the gnoll's attack.
Your magical contamination has completely faded away.
The gnoll hits you with a halberd of protection!
Ouch! That really hurt!
* * * LOW HITPOINT WARNING * * *
You hit the gnoll.
The gnoll is poisoned.
You grab the gnoll.
The gnoll is severely wounded.
You constrict the gnoll, but do no damage.
The gnoll hits you with a halberd of protection!
You die...

...#.# ##.## #.#
...#.# #..# #.#
...#.# ###.###.#
...#.# #.......#
##.#.######.#.##.#
#.#...........#)#
#.#..#####.#..#.#
##.#..# #..%.#g#
##.#..# ####.#@#
......# #.#.#
......# #...#
......# ##..#
......# #..#
####..# #.>#
>.....# ####
####.## ...#.#


You could see a gnoll.

Vanquished Creatures
  2 gnolls (D:2)
  A dart slug (D:1)
  A leopard gecko (D:1)
  3 giant cockroaches
  3 goblins (D:1)
  A hobgoblin (D:1)
  5 kobolds
  4 bats
  A frilled lizard (D:2)
  6 rats (D:1)
27 creatures vanquished.

Notes
Turn   | Place    | Note
-------+----------+-------------------------------------------
     0 | D:1      | doot the Octopode Venom Mage began the quest for the Orb.
     0 | D:1      | Reached XP level 1. HP: 11/11 MP: 3/3
   158 | D:1      | Reached skill level 5 in Poison Magic
   231 | D:1      | Reached XP level 2. HP: 16/17 MP: 1/5
   941 | D:1      | Reached XP level 3. HP: 21/21 MP: 3/6
  1203 | D:2      | Reached skill level 6 in Poison Magic
  1211 | D:2      | Slain by a gnoll

Skill      XL: |  1  2  3 |
---------------+----------+-----
Poison Magic   | 5 6 |  6.0
Short Blades   | |  0.2
Dodging        | |  2.1
Stealth        | |  2.6
Spellcasting   | |  2.3

Action                   || total
-------------------------++-------
Melee: Whip              ||     7
       Constrict         ||     7
       Dagger            ||    15
       Tentacles         ||     2
 Cast: Sting             ||    41
  Eat: Chunk             ||     1
Armor: Skin              ||     2
Dodge: Dodged            ||    10
Block: Buckler           ||     5
